 Dungeon Crawl Stone Soup version 0.21-a0-444-g29a2fec (webtiles) character file.

3210 theanonym the Cleaver (level 9, -10/51 HPs)
             Began as a Gargoyle Fighter on Nov 17, 2017.
             Was a Believer of Okawaru.
             Mangled by a cyclops (19 damage)
             ... on level 7 of the Dungeon.
             The game lasted 00:10:48 (6789 turns).

theanonym the Cleaver (Gargoyle Fighter)            Turns: 6789, Time: 00:10:48

Health: -10/51     AC: 25    Str: 21    XL:     9   Next: 97%
Magic:  9/11       EV:  8    Int:  8    God:    Okawaru [**....]
Gold:   199        SH:  0    Dex: 12    Spells: 8/8 levels left

rFire    . . .     SeeInvis .   I - +0 battleaxe
rCold    . . .     Gourm    .   (shield currently unavailable)
rNeg     + . .     Faith    .   d - +1 plate armour {rPois}
rPois    ∞         Spirit   .   g - +1 hat
rElec    +         Reflect  .   k - +0 cloak
rCorr    .         Harm     .   y - +1 pair of gloves
MR       .....                  (no boots)
Stlth    ..........             (no amulet)
HPRegen  0.17/turn              A - ring of stealth {Stlth+}
MPRegen  0.12/turn              (no ring)

@: heroism
A: negative energy resistance 1, electricity resistance, unbreathing,
petrification resistance, rot immunity, AC +6
a: Heroism, Renounce Religion


Innate Abilities, Weirdness & Mutations

You are resistant to torment.
Your stone body is resilient. (AC +6)
You are immune to poison.
You resist negative energy. (rN+)
You are resistant to electric shocks. (rElec)
You can survive without breathing.
You are immune to petrification.
You are immune to rotting.


   Skills:
 - Level 3.2(8.2) Fighting
 + Level 11.9(16.9) Axes
 - Level 3.2(8.2) Armour
   Level 3.2(8.2) Shields
 + Level 3.9 Invocations


You had 8 spell levels left.
You didn't know any spells.

Skill      XL: |  1  2  3  4  5  6  7  8  9 |
---------------+----------------------------+-----
Axes           | 2 3 4 6 8 10 11 | 11.9
Invocations    | 3 |  3.9
Fighting       | |  3.2
Armour         | |  3.2
Shields        | |  3.2

Action                   |  1- 3 |  4- 6 |  7- 9 || total
-------------------------+-------+-------+-------++-------
Melee: War axe           |   119 |   163 |   423 ||   705
       Battleaxe         |       |       |     1 ||     1
Throw: Tomahawk          |       |       |     4 ||     4
Invok: Heroism           |       |       |     2 ||     2
Evoke: Wand              |       |       |     1 ||     1
  Use: Potion            |       |     3 |     1 ||     4
       Scroll            |       |     5 |     2 ||     7
 Stab: Confused          |       |       |     1 ||     1
  Eat: Chunk             |     1 |     5 |    12 ||    18
       Meat ration       |       |       |     1 ||     1
       Bread ration      |       |       |     1 ||     1
Armor: Scale mail        |    68 |    42 |       ||   110
       Plate armour      |       |    58 |   331 ||   389
Dodge: Dodged            |    54 |    35 |    45 ||   134
Block: Shield            |    49 |    80 |   187 ||   316

Inventory:

Hand Weapons
 I - a +0 battleaxe (weapon)
   (You took it off an orc warrior on level 7 of the Dungeon)
Missiles
 q - 11 tomahawks (quivered)
 H - 3 throwing nets
Armour
 b - a +0 pair of gloves
   (You found it on level 3 of the Dungeon)
 d - a +1 plate armour of poison resistance (worn)
   (You found it on level 3 of the Dungeon)
 g - a +1 hat (worn)
   (You found it on level 1 of the Dungeon)
 k - a +0 cloak (worn)
   (You took it off Crazy Yiuf on level 3 of the Dungeon)
 y - a +1 pair of gloves (worn)
   (You found it on level 4 of the Dungeon)
Jewellery
 A - a ring of stealth (left hand) {Stlth+}
   (You found it on level 5 of the Dungeon)
 C - an uncursed amulet of magic regeneration {unknown}
   (You found it on level 5 of the Dungeon)
Wands
 D - a wand of confusion (24/48)
   (You took it off a gnoll on level 6 of the Dungeon)
Scrolls
 j - a scroll of immolation
 l - a scroll of teleportation {unknown}
 n - a scroll of amnesia {unknown}
 o - 2 scrolls of enchant weapon
 r - 2 scrolls of identify
 t - a scroll of remove curse
 w - a scroll of noise {unknown}
 E - a scroll of enchant armour {unknown}
 G - a scroll of blinking {unknown}
Potions
 e - a potion of curing
 h - 2 potions of cancellation
 i - 2 potions of flight
 p - a potion of brilliance
 s - 2 potions of heal wounds {unknown}
 u - a potion of agility {unknown}
 x - a potion of might
 B - 2 potions of degeneration {unknown}
Comestibles
 f - a bread ration
 v - 2 royal jellies
 F - 31 chunks of flesh

Dungeon Overview and Level Annotations

Branches:
Dungeon (7/15)             Temple (1/1) D:6

Altars:
Ashenzari
Cheibriados
Gozag
Makhleb
Okawaru
Ru
Trog
Vehumet
Wu Jian
Xom
Zin


You were on level 7 of the Dungeon.
You worshipped Okawaru.
Okawaru was pleased with you.
You were hungry.

You visited 2 branches of the dungeon, and saw 8 of its levels.

You collected 199 gold pieces.


Message History

There are monsters nearby!
There are monsters nearby!
There are monsters nearby!
The orc warrior shouts!
You gain the combat prowess of a mighty hero.
You now have 9/11 mp.
You slash the orc warrior! You hit the orc. The orc warrior closely misses you.
The orc hits you but does no damage.
You slash the orc warrior! You hit the orc.
The orc hits you but does no damage.
The orc warrior hits you but does no damage.
An orc comes into view. It is wielding a short sword.
You barely miss the orc warrior.
The orc shouts!
You hit the orc.
You kill the orc!
Okawaru accepts your kill.
You hit the orc warrior. You block the orc warrior's attack.
You hit the orc warrior but do no damage.
Your shield and plate armour prevent you from hitting the orc warrior.
You closely miss the orc warrior. You closely miss the orc.
The orc warrior barely misses you.
You closely miss the orc warrior. You slash the orc!
You kill the orc!
Okawaru accepts your kill.
Your plate armour prevents you from hitting the orc warrior.
The orc warrior hits you but does no damage.
Your plate armour prevents you from hitting the orc warrior.
You hit the orc warrior but do no damage.
The orc warrior hits you with a battleaxe.
You take 4 damage, and have 45/51 hp.
You slash the orc warrior!
You kill the orc warrior!
Okawaru accepts your kill.
No target in view!
No target in view!
No target in view!
B - 2 bubbling emerald potions (gained 1)
r - a scroll of identify;
H - 3 throwing nets
Items here: )) [[ a battleaxe; a runed chain mail; a club; a leather armour
I - a battleaxe Wield which item (- for none, * to show all)? (? for menu, Esc to quit)
Okay, then.
Unknown command.
Drop what? 35/52 slots (_ for help) (? for menu, Esc to quit)
You drop a short runed staff.
You drop a war axe.
You are now empty-handed.
You drop a +0 war axe.
You feel like a meek peon again.
You start removing your armour.
You continue taking off your +0 shield. x4
You finish taking off your +0 shield.
You drop a +0 shield.
MP restored: 11 Wield which item (- for none, * to show all)? (? for menu, Esc to quit)
I - a +0 battleaxe (weapon)
Things that are here:
a short sword; an orc corpse You butcher the orc corpse.
F - 24 chunks of flesh (gained 3)
You see here a short sword. x2
You swap places.
There is an open door here.
You see here a quokka skeleton.
You butcher the orc corpse.
F - 28 chunks of flesh (gained 4)
You see here a quokka skeleton.
Found a leather armour.
There is an open door here.
Health restored: 51
r - 2 scrolls of identify (gained 1)
Things that are here:
a short sword; a leather armour; an orc corpse You butcher the orc corpse.
F - 31 chunks of flesh (gained 3)
Things that are here:
a short sword; a leather armour
Things that are here:
a short sword; a leather armour Key pressed, stopping explore.
Things that are here:
a dagger of flaming; a robe; an orc skeleton The orc shouts!
A cyclops comes into view.
The cyclops shouts!
You slash the orc!
You kill the orc!
Okawaru accepts your kill.
The cyclops throws a large rock.
The large rock hits you.
You take 1 damage, and have 50/51 hp.
You are feeling hungry.
The cyclops throws a large rock.
The large rock hits you!
You see here a large rock.
You take 15 damage, and have 35/51 hp.
MASSIVE DAMAGE!!
You gain the combat prowess of a mighty hero.
The cyclops throws a large rock.
The large rock hits you!!
Ouch! That really hurt!
* * * LOW HITPOINT WARNING * * *
You take 27 damage, and have 8/51 hp.
MASSIVE DAMAGE!!
You now have 9/11 mp.
The cyclops hits you!!
You die...

+.........<.....>#
#........####.##.#
......##...#
#...... #...#
....... #..†###
....... #...(.#
....... #.....####
..... #.[...(..##
...... #.....##@.#
.###'####....####C#
.#...........# .#
##...........# #.
##...........# ##
##........####
##........#
.#[.))....#
.###'########


You could see a cyclops.

Notes
Turn   | Place    | Note
-------+----------+-------------------------------------------
     0 | D:1      | theanonym the Gargoyle Fighter began the quest for the Orb.
     0 | D:1      | Reached XP level 1. HP: 14/14 MP: 1/1
   164 | D:1      | Reached skill level 2 in Axes
   281 | D:1      | Reached XP level 2. HP: 19/19 MP: 2/2
   533 | D:1      | Reached skill level 3 in Axes
   567 | D:1      | Reached XP level 3. HP: 23/23 MP: 3/3
  1067 | D:2      | Reached XP level 4. HP: 15/28 MP: 4/4
  1260 | D:2      | Reached skill level 4 in Axes
  1780 | D:3      | Reached XP level 5. HP: 30/32 MP: 5/5
  1788 | D:3      | Reached skill level 5 in Axes
  1875 | D:3      | Noticed Sigmund
  1893 | D:3      | Killed Sigmund
  1893 | D:3      | Reached skill level 6 in Axes
  1893 | D:3      | Reached XP level 6. HP: 23/37 MP: 6/6
  2185 | D:3      | Found a bloodstained altar of Trog.
  2186 | D:3      | Found a snail-covered altar of Cheibriados.
  2523 | D:3      | Found a runed door.
  2619 | D:3      | Noticed Crazy Yiuf
  2623 | D:3      | Killed Crazy Yiuf
  2833 | D:4      | Reached XP level 7. HP: 39/41 MP: 7/7
  3076 | D:4      | Noticed Autsider's ghost (amateur DDFi)
  3095 | D:4      | Reached skill level 7 in Axes
  3115 | D:4      | Killed Autsider's ghost
  3462 | D:4      | Reached skill level 8 in Axes
  3462 | D:4      | Reached XP level 8. HP: 38/46 MP: 8/8
  3887 | D:5      | Entered Level 5 of the Dungeon
  4204 | D:5      | Reached skill level 9 in Axes
  4282 | D:5      | HP: 18/46 [orc priest/divine providence (16)]
  4284 | D:5      | HP: 6/46 [orc priest/divine providence (13)]
  5242 | D:6      | HP: 17/46 [orc warrior/glaive (13)]
  5479 | D:6      | Found a staircase to the Ecumenical Temple.
  5483 | D:6      | Found a faded altar of an unknown god.
  5492 | Temple   | Entered the Ecumenical Temple
  5505 | Temple   | Became a worshipper of Warmaster Okawaru
  5515 | Temple   | Reached skill level 10 in Axes
  5597 | D:6      | Noticed Menkaure
  5617 | D:6      | Killed Menkaure
  5617 | D:6      | Reached XP level 9. HP: 51/51 MP: 9/9
  5635 | D:6      | Found a sacrificial altar of Ru.
  5769 | D:6      | Found an ornate altar of the Wu Jian Council.
  6273 | D:7      | Paralysed by fainting for 12 turns
  6501 | D:7      | Noticed Pikel
  6520 | D:7      | Killed Pikel
  6520 | D:7      | Reached * piety under Okawaru
  6520 | D:7      | Reached skill level 11 in Axes
  6565 | D:7      | Reached skill level 1 in Invocations
  6570 | D:7      | Killed an unseen horror
  6570 | D:7      | Reached ** piety under Okawaru
  6570 | D:7      | Reached skill level 3 in Invocations
  6627 | D:7      | Identified Roxanne's Collected Works on Unstable Clay
  6784 | D:7      | Noticed a cyclops
  6787 | D:7      | HP: 8/51 [cyclops/large rock (27)]
  6789 | D:7      | Mangled by a cyclops

Vanquished Creatures
  An unseen horror (D:7)
  Pikel (D:7)
  The ghost of Autsider the Covered, an amateur DDFi (D:4)
  Sigmund (D:3)
  A hungry ghost (D:7)
  Menkaure (D:6)
  An ice beast (D:5)
  3 orc warriors
  A phantom (D:4)
  4 bullfrogs
  A scorpion (D:5)
  2 orc priests (D:6)
  Crazy Yiuf (D:3)
  2 hounds
  3 jellies
  An iguana (D:5)
  9 orc wizards
  A centaur skeleton (D:3)
  4 worker ants
  10 gnolls
  9 adders
  2 shadow imps (D:5)
  2 oozes
  An adder skeleton (D:6)
  2 worms
  4 dart slugs
  3 leopard geckos
  30 orcs
  3 giant cockroaches
  8 hobgoblins
  10 jackals
  4 quokkas
  2 ball pythons
  9 bats
  2 frilled lizards (D:3)
  10 goblins
  7 kobolds
  2 quokka zombies
  4 rats (D:1)
163 creatures vanquished.

Vanquished Creatures (others)
  2 orc priests (D:7)
  An orc wizard (D:7)
  An orc (D:7)
  A quokka (D:7)
5 creatures vanquished.

Grand Total: 168 creatures vanquished
